cohdb
Replays
Latest Replays
All Replays
Popular Replays
Top Player Replays
Match Explorer
How It Works
Community
CoH3 Stats
Reddit
Sign in to upload your games and track your stats! →
Sign in with Steam
Match 43909732
Unlisted
Match 43909732
Overview
Messages
Build Orders
End
Royal Engineer Section
Royal Engineer Section
Royal Engineer Section
Construct Field Infirmary
Construct Section Command Post
Construct Platoon Command Post
6-pounder Anti-tank Gun Team
Construct Company Command Post
CMP 15cwt Truck
Selects Heavy Armor Battlegroup
Selects Engineer Detachments
Selects Forward Repair Assembly
Selects UNKNOWN (2162094)
Churchill IV Heavy Tank
Selects Light Vehicle Withdraw and Refit
Selects Radio Net
Churchill IV Heavy Tank
Radio Net
Selects Recon Artillery
Churchill IV Heavy Tank
Recon Artillery
Radio Net
Recon Artillery
Churchill IV Heavy Tank
Armored Vehicle Training
MASTER_YOUR_SLEEP
ladytiger_1129
Tesla
_sprintf
Hereastrell
Armbbking
Paul
Siso
0
0
Comments
sign in to comment!
No comments posted yet!